Map: Tours du crépuscule

Players

Chaknaray - Winner!

  • Race: Terran Terran
  • League: Gold
  • Spawn Location: 7:00

zidar

  • Race: Zerg Zerg
  • League: Gold
  • Spawn Location: 1:00

VOD

Have the link to the VOD?

Description

Time

  • Played on: July 1, 2016, 11:34 a.m.
  • Length: 3:15
Show
View Real Time Build Order
Export as new Build Order

Chaknaray Terran - Winner!

Build Orders:  

Get SALT Encoding   

  12  0:01  SCV  
  13  0:17  Supply Depot  
  13  0:42  Barracks  
  13  0:51  Barracks  
  13  1:06  Barracks  
  13  1:14  SCV  
  14  1:24  Supply Depot  
  14  1:29  Marine  
  15  1:44  Marine  
  16  1:47  Marine  
  17  2:01  Marine, Supply Depot  
  17  2:05  Marine  
  19  2:13  Barracks  
  19  2:19  Marine  
  19  2:21  Marine  
  21  2:30  Marine  
  22  2:37  Marine  
  22  2:40  Marine  
  24  2:48  Marine  
  25  2:54  Marine  
Show
View Real Time Build Order
Export as new Build Order

zidar Zerg 

Build Orders: Hatch First 

Get SALT Encoding   

  12  0:03  Drone  
  13  0:12  Overlord  
  13  0:18  Drone  
  14  0:30  Drone x2  
  16  0:50  Hatchery  
  16  0:53  Drone  
  16  0:57  Extractor  
  16  0:59  Drone  
  16  1:15  Spawning Pool  
  16  1:17  Drone  
  17  1:25  Drone  
  17  1:41  Overlord, Drone  
  18  1:51  Drone  
  19  2:02  Queen  
  21  2:09  Queen  
  21  2:13  Drone  
  24  2:16  Drone  
  24  2:21  Drone  
  26  2:30  Drone x2  
  26  2:31  Drone  
  26  2:34  Zergling x2  
  30  2:57  Roach Warren  
  29  3:01  Extractor  
  29  3:02  Drone  
Tags
 
Add a new tag
Caveats
  • Supply blocks, unpowered buildings, or Contaminate may cause inaccurate times.
  • Supply counts are checked every 10 seconds.